 Dungeon Crawl Stone Soup version 0.26.1-10-gdfb7c7de75 (webtiles) character file.

Game seed: 8311039718899572212

70 Revguard the Chiller (level 4, 0/33 HPs)
             Began as a Barachi Ice Elementalist on Apr 2, 2021.
             Slain by Sigmund
             ... wielding a +0 scythe
              (10 damage)
             ... on level 2 of the Dungeon.
             The game lasted 00:10:21 (2046 turns).

Revguard the Chiller (Barachi Ice Elementalist)     Turns: 2046, Time: 00:10:22

Health: 0/33       AC:  3    Str:  9    XL:     4   Next: 21%
Magic:  0/8        EV: 11    Int: 17    God:
Gold:   124        SH:  3    Dex: 12    Spells: 1/8 levels left

rFire    . . .     SeeInvis .   h - +0 dagger
rCold    . . .     Faith    .   j - +0 buckler
rNeg     . . .     Spirit   .   f - +0 leather armour
rPois    .         Reflect  .   (no helmet)
rElec    .         Harm     .   (no cloak)
rCorr    .         Rampage  .   (no gloves)
Will     .....                  (no boots)
Stlth    ++........             (no amulet)
HPRegen  0.11/turn              (no ring)
MPRegen  0.11/turn              (no ring)

@: attractive, very slightly contaminated, hasted, quick
A: +LOS, swims, slowness 1, strong legs 1
a: Hop


You were on level 2 of the Dungeon.
You visited 1 branch of the dungeon, and saw 2 of its levels.

You collected 124 gold pieces.

Inventory:

Hand Weapons
 h - a +0 dagger (weapon)
Armour
 a - a +0 robe
 f - a +0 leather armour (worn)
 j - a +0 buckler (worn)
Scrolls
 b - a scroll of amnesia {unknown}
 d - 2 scrolls of identify {unknown}
 i - 4 scrolls of remove curse {unknown}
Potions
 g - a potion of haste


   Skills:
 * Level 1.9 Fighting
 * Level 1.0 Armour
 + Level 2.5 Dodging
 - Level 1.7 Stealth
 * Level 2.8 Spellcasting
 * Level 5.6 Ice Magic


You had one spell level left.
You knew the following spells:

 Your Spells              Type           Power        Failure   Level
a - Freeze                Ice            84%          4%          1
b - Frozen Ramparts       Ice            42%          13%         3
c - Ozocubu's Armour      Ice            21%          13%         3

Your spell library contained the following spells:

 Spells                   Type           Power        Failure   Level
 Hailstorm                Conj/Ice       11%          78%         4
 Summon Ice Beast         Ice/Summ       11%          78%         4


Dungeon Overview and Level Annotations

Branches:
Dungeon (2/15)

Altars:
Qazlal

Annotations:
D:2 Sigmund


Innate Abilities, Weirdness & Mutations

You can be seen from farther away. (+LOS)
You can swim through water.
You cover ground slowly.
You can hop short distances.


Message History

Something hits you but does no damage.
Casting: Frozen Ramparts (quite dangerous; 13% risk of failure)
Confirm with . or Enter, or press ? or * to list all spells.
You can't see any susceptible monsters within range! (Use Z to cast anyway.)
Casting: Frozen Ramparts (quite dangerous; 13% risk of failure)
Confirm with . or Enter, or press ? or * to list all spells.
The spell is quite dangerous to cast (13% risk of failure)!
Continue anyway?
Casting: Frozen Ramparts (quite dangerous; 13% risk of failure)
Press: ? - help, Dir - look around, f - activate You miscast Frozen Ramparts.
Nothing appears to happen.
You miss something. Something hits you!
* * * LOW HITPOINT WARNING * * *
You closely miss something. Something hits you.
* * * LOW HITPOINT WARNING * * *
You feel better.
It was a potion of attraction.
You feel attractive to monsters. Something hits you.
It was a potion of haste.
You feel yourself speed up. Something hits you!
You die...

## #.# #####
#.# ##....
#.# ##..$..#
#.#####
.$......
##....#
.#......
##.###.#
_@......##.##
#.#
#......#@##
#.###
#.....{##
#..(#
##<#####
###.# #######
#.# #....[#
#.# #.....#
#.# #.....#
#.#
#.....####.##
#...........#


There were no monsters in sight!

Vanquished Creatures
  2 adders (D:2)
  An ooze (D:1)
  A dart slug (D:1)
  11 bats
  2 giant cockroaches
  6 goblins
  3 hobgoblins
  7 jackals
  A quokka (D:2)
  3 kobolds
  6 rats
43 creatures vanquished.

Notes
Turn   | Place    | Note
-------+----------+-------------------------------------------
     0 | D:1      | Revguard the Barachi Ice Elementalist began the quest for
                  | the Orb.
     0 | D:1      | Reached XP level 1. HP: 13/13 MP: 3/3
    85 | D:1      | Reached skill level 5 in Ice Magic
   128 | D:1      | Reached XP level 2. HP: 2/20 MP: 0/5
   441 | D:1      | Reached skill level 1 in Fighting
   887 | D:1      | Reached XP level 3. HP: 5/26 MP: 0/6
  1172 | D:1      | Learned a level 3 spell: Frozen Ramparts
  1606 | D:2      | Reached skill level 1 in Armour
  1606 | D:2      | Reached XP level 4. HP: 32/33 MP: 1/8
  1777 | D:2      | Learned a level 3 spell: Ozocubu's Armour
  2022 | D:2      | Found a stormy altar of Qazlal.
  2022 | D:2      | Noticed Sigmund
  2046 | D:2      | Slain by Sigmund

Illustrated notes

Levels and vault maps discovered:
D:1:      heliophobic_arrival_battle_scene, layout_basic, patterned_corridor
D:2:      layout_loops_cross, lemuel_crystal_altar, uniq_sigmund

Skill      XL: |  1  2  3 |
---------------+----------+-----
Ice Magic      | 5 |  5.6
Fighting       | 1 |  1.9
Armour         | 1 |  1.0
Dodging        | |  2.5
Stealth        | |  1.7
Spellcasting   | |  2.8

Action                   |  1- 3 |  4- 6 || total
-------------------------+-------+-------++-------
Melee: Unarmed           |    50 |       ||    50
       Dagger            |    16 |    28 ||    44
 Cast: Freeze            |    25 |     4 ||    29
       Frozen Ramparts   |     6 |     2 ||     8
  Use: Potion            |       |     4 ||     4
Armor: Robe              |    55 |       ||    55
       Leather armour    |     7 |     9 ||    16
Dodge: Dodged            |   106 |    20 ||   126
Block: Buckler           |       |     1 ||     1
